 Dungeon Crawl Stone Soup version 0.25-a0-364-ge76b031 (webtiles) character file.

81 Amaryllis the Conjurer (level 4, -6/30 HPs)
             Began as a Human Wizard on Aug 31, 2018.
             Was a Follower of Qazlal.
             Killed by divine providence
             ... invoked by an orc priest
              (9 damage)
             ... on level 3 of the Dungeon on Jan 5, 2020.
             The game lasted 00:17:36 (3028 turns).

Amaryllis the Conjurer (Human Wizard)               Turns: 3028, Time: 00:17:38

Health: -6/30      AC:  3    Str:  8    XL:     4   Next: 67%
Magic:  8/8        EV: 11    Int: 19    God:    Qazlal [*.....]
Gold:   111        SH:  1    Dex: 11    Spells: 1/9 levels left

rFire    . . .     SeeInvis .   i - +0 mace
rCold    . . .     Gourm    .   (no shield)
rNeg     . . .     Faith    .   g - +0 leather armour
rPois    .         Spirit   .   b - +0 hat
rElec    .         Reflect  .   (no cloak)
rCorr    .         Harm     .   (no gloves)
MR       .....                  (no boots)
Stlth    ++........             (no amulet)
HPRegen  0.10/turn              (no ring)
MPRegen  0.11/turn              (no ring)

@: berserk cooldown, slowed, very slow
A: no striking features
a: Renounce Religion


You were on level 3 of the Dungeon.
You worshipped Qazlal.
Qazlal was aware of your devotion.
You were not hungry.

You visited 1 branch of the dungeon, and saw 3 of its levels.

You collected 111 gold pieces.

Inventory:

Hand Weapons
 c - a +0 hand axe
 f - a +0 dagger
 i - a +0 mace (weapon)
 j - a +0 dagger
 p - a +0 hunting sling
Missiles
 e - 106 stones (quivered)
Armour
 a - a +0 robe
 b - a +0 hat (worn)
 g - a +0 leather armour (worn)
 k - a +0 helmet
Scrolls
 n - a scroll of identify {unknown}
 q - a scroll of blinking {unknown}
Potions
 m - a potion of curing {unknown}
Comestibles
 d - 2 rations


   Skills:
 - Level 2.0 Dodging
 - Level 2.0 Stealth
 - Level 3.0 Spellcasting
 * Level 4.1 Conjurations
 - Level 1.0 Summonings
 - Level 1.0 Translocations


You had one spell level left.
You knew the following spells:

 Your Spells              Type           Power        Failure   Level  Hunger
a - Magic Dart            Conj           ###.         4%          1    None
b - Blink                 Tloc           N/A          22%         2    ##.....
c - Call Imp              Summ           #.......     22%         2    ##.....
d - Mephitic Cloud        Conj/Pois/Air  #.......     36%         3    ###....

Your spell library contained the following spells:

 Spells                   Type           Power        Failure   Level  Hunger
 Conjure Flame            Conj/Fire      ##......     28%         3    ###....
 Slow                     Hex            #.......     32%         2    ##.....


Dungeon Overview and Level Annotations

Branches:
Dungeon (3/15)

Altars:
Qazlal

Annotations:
D:2 Sigmund
D:3 Ijyb


Message History

You closely miss the bat. The bat misses you.
A rat comes into view.
The bat hits you but does no damage. The bat misses you.
You feel a strong urge to attack something.
You block the bat's attack. The orc priest misses you.
The bat barely misses you. The bat hits you but does no damage.
Found 11 gold pieces.
You feel your anger nearly subside.
You are no longer berserk.
You are exhausted.
You feel yourself slow down. The bat hits you but does no damage.
You see here a ration.
The bat barely misses you. The bat misses you.
As you read the scroll labeled DEIHIDUSYO, it crumbles to dust.
You feel aware of your surroundings.
You sensed 1 altar.
It was a scroll of magic mapping.
The bat completely misses you. The quokka bites you.
* * * LOW HITPOINT WARNING * * *
The orc priest mumbles some strange prayers to Beogh against you.
Beogh smites you!
You die...

*,,,,,,,,,,,,,>,,,, ***
*,,,,,,,,,,,,,,,,,, *,*
**,,,,,,,,,,,,,,,,, *,*
**,,,*,*,,,,,*,,,, ******* #.*
*****,*,,****,,,* ,,,,,,* #.**
*,*,,*,,,,,,, ,,,,,,* #..*
**,**,,,*,**** ,,,,,,*
##..########,,,*,,,*,*
,,,,,,###....ror@.$#*,**,*,,,***
,,,,.,#......bK#####,,,**,,,,,,**
,,,,,.#...........#,,*,,*,,,,*,,*
**,**,........r.###*,,,**,,,,**,,
*,****#.....o#K.#*,*,*,**,,,***,
*,* #......##o#,,,,,,,***...##
*,* #.........#**,*,*** *.....
*,* #.....?og##,,,,,,,***.....
*,* #......###,*,*,*,*,*,...K.


You could see an orc priest, a quokka, a bat, a kobold and a rat.

Vanquished Creatures
  3 adders (D:2)
  2 worms (D:2)
  3 dart slugs
  A leopard gecko (D:1)
  A giant cockroach (D:1)
  8 goblins
  6 hobgoblins
  4 jackals (D:2)
  6 bats
  3 kobolds (D:1)
  2 rats
39 creatures vanquished.

Notes
Turn   | Place    | Note
-------+----------+-------------------------------------------
     0 | D:1      | Amaryllis the Human Wizard began the quest for the Orb.
     0 | D:1      | Reached XP level 1. HP: 13/13 MP: 4/4
   208 | D:1      | Reached XP level 2. HP: 19/19 MP: 6/6
   210 | D:1      | Reached skill level 2 in Conjurations
   898 | D:1      | Upgraded the game from 0.23-a0-139-ga22e90c to
                  | 0.23-a0-625-g1d2cd9b
   902 | D:1      | Upgraded the game from 0.23-a0-625-g1d2cd9b to
                  | 0.24-a0-48-g0ecae65
  1325 | D:1      | Reached XP level 3. HP: 18/24 MP: 4/7
  1326 | D:1      | Upgraded the game from 0.24-a0-48-g0ecae65 to
                  | 0.24-a0-130-ga3c21ff
  1550 | D:1      | Upgraded the game from 0.24-a0-130-ga3c21ff to
                  | 0.24-a0-280-g7cec4da
  1550 | D:1      | Upgraded the game from 0.24-a0-280-g7cec4da to
                  | 0.25-a0-364-ge76b031
  1643 | D:2      | Reached skill level 3 in Conjurations
  1909 | D:2      | Reached XP level 4. HP: 28/30 MP: 8/8
  2214 | D:2      | Reached skill level 4 in Conjurations
  2255 | D:2      | Learned a level 2 spell: Blink
  2258 | D:2      | Learned a level 2 spell: Call Imp
  2262 | D:2      | Learned a level 3 spell: Mephitic Cloud
  2920 | D:2      | Found a faded altar of an unknown god.
  2933 | D:2      | Became a worshipper of Qazlal Stormbringer
  2933 | D:2      | Reached * piety under Qazlal
  2969 | D:2      | Noticed Sigmund
  2989 | D:3      | Noticed an ogre
  3002 | D:3      | Noticed Ijyb
  3014 | D:3      | Paralysed by Ijyb for 5 turns
  3028 | D:3      | Killed from afar by an orc priest

Levels and vault maps discovered:
D:1:      minmay_arrival_wavy_path
D:2:      layout_loops_corners, chequers_ecumenical_altar_island, uniq_sigmund
D:3:      minmay_spotlight, layout_rooms, lemuel_crystal_altar, first_ration,
          uniq_jessica, uniq_ijyb

Skill      XL: |  1  2  3  4 |
---------------+-------------+-----
Conjurations   | 2 3 4 |  4.1
Dodging        | |  2.0
Stealth        | |  2.0
Spellcasting   | |  3.0
Summonings     | |  1.0
Translocations | |  1.0

Action                   |  1- 3 |  4- 6 || total
-------------------------+-------+-------++-------
Melee: Hand axe          |    25 |       ||    25
       Mace              |    42 |    30 ||    72
 Cast: Magic Dart        |    19 |    44 ||    63
       Mephitic Cloud    |       |     2 ||     2
  Use: Scroll            |       |     1 ||     1
       Potion            |       |     1 ||     1
 Stab: Sleeping          |     2 |       ||     2
  Eat: Chunk             |     2 |     5 ||     7
Armor: Robe              |     3 |       ||     3
       Leather armour    |    10 |    21 ||    31
Dodge: Dodged            |    43 |    39 ||    82
Block: Other             |       |     1 ||     1

Table legend:
 A = Non-vault XP
 B = Vault XP
 C = Vault XP percentage of total XP
 D = Non-vault monster count
 E = Vault monster count
 F = Vault count percentage of total count
                 A         B        C        D         E       F
            +---------+---------+-------+---------+---------+-------
      Total |     116 |       0 |   0.0 |      39 |       0 |   0.0
            +---------+---------+-------+---------+---------+-------
        D:1 |      38 |       0 |   0.0 |      19 |       0 |   0.0
        D:2 |      78 |       0 |   0.0 |      20 |       0 |   0.0
            +---------+---------+-------+---------+---------+-------
